 Dungeon Crawl Stone Soup version 0.27.1 (webtiles) character file.

Game seed: 17602519541689301104

1129 AIAndy the Insei (level 8, -7/48 HPs)
             Began as an Octopode Transmuter on Aug 23, 2021.
             Was a Priest of Lugonu.
             Mangled by a gnoll sergeant (14 damage)
             ... on level 6 of the Dungeon.
             The game lasted 00:30:32 (5588 turns).

AIAndy the Insei (Octopode Transmuter)              Turns: 5588, Time: 00:30:33

Health: -7/48      AC:  1    Str: 10    XL:     8   Next: 35%
Magic:  15/16      EV: 13    Int: 17    God:    Lugonu [***...]
Gold:   177        SH:  0    Dex: 12    Spells: 5/17 levels left

rFire    . . .     SeeInvis .     - Unarmed
rCold    . . .     Faith    .   (no shield)
rNeg     . . .     Spirit   .   (helmet restricted)
rPois    .         Reflect  .   j - amulet of regeneration
rElec    .         Harm     .   R - ring of resist corrosion
rCorr    +         Rampage  .   (no ring)
Will     .....                  (no ring)
Stlth    ++........             (no ring)
HPRegen  1.16/turn              (no ring)
MPRegen  0.15/turn              (no ring)
                                (no ring)
                                (no ring)

@: wereblooded (expiring)
A: almost no armour, amphibious, 8 rings, camouflage 1, gelatinous body 1,
(nimble swimmer 1), tentacles
a: Renounce Religion, Depart the Abyss, Bend Space, Banish


You were on level 6 of the Dungeon.
You worshipped Lugonu.
Lugonu was most pleased with you.
You visited 2 branches of the dungeon, and saw 7 of its levels.

You collected 177 gold pieces.


Innate Abilities, Weirdness & Mutations

You cannot wear most types of armour.
You are amphibious.
You can wear up to eight rings at the same time.
Your skin changes colour to match your surroundings (Stealth+).
Your rubbery body absorbs attacks. (AC +1, EV +1)
((You are camouflaged near water. (Stealth+)))
You have tentacles for arms and can constrict up to eight enemies at once.


   Skills:
 - Level 1.0 Fighting
 - Level 2.0 Dodging
 + Level 6.1 Unarmed Combat
 - Level 5.3 Spellcasting
 + Level 5.7 Transmutations
 - Level 1.0 Ice Magic
 - Level 1.0 Poison Magic


You had 5 spell levels left.
You knew the following spells:

 Your Spells              Type           Power      Damage    Failure   Level
a - Passwall              Tmut/Erth      11%        N/A       6%          2
b - Beastly Appendage     Tmut           48%        N/A       1%          1
c - Ice Form              Ice/Tmut       16%        N/A       34%         4
s - Spider Form           Tmut/Pois      8%         N/A       11%         3
w - Wereblood             Tmut           24%        N/A       1%          2

Your spell library contained the following spells:

 Spells                   Type           Power      Damage    Failure   Level
 Magic Dart               Conj           16%        1d3       14%         1
 Call Imp                 Summ           4%         N/A       21%         2
 Mephitic Cloud           Conj/Pois/Air  5%         N/A       34%         3
 Swiftness                Air            4%         N/A       38%         3
 Invisibility             Hex            2%         N/A       100%        6

Inventory:

Hand Weapons
 a - a +2 hunting sling of flaming
Missiles
 d - 19 sling bullets
 f - 141 stones (quivered)
Magical Staves
 l - a staff of conjuration {!a}
Jewellery
 j - an amulet of regeneration (around mantle)
 R - a ring of resist corrosion (left tentacle)
Wands
 o - a wand of flame (26)
Scrolls
 b - a scroll of enchant weapon {unknown}
 e - a scroll of silence {!r}
 i - 2 scrolls of immolation
Potions
 c - a potion of degeneration {unknown}
 g - a potion of resistance {unknown}
 h - a potion of berserk rage {unknown}
 m - a potion of attraction
 n - 2 potions of curing {@q1}

Dungeon Overview and Level Annotations

Branches:
Dungeon (6/15)             Temple (1/1) D:5

Altars:
Ashenzari
Dithmenos
Elyvilon
Fedhas
Gozag
Hepliaklqana
Kikubaaqudgha
Nemelex Xobeh
Okawaru
Qazlal
Ru
Trog
Uskayaw
Vehumet
Wu Jian
Xom
Yredelemnul
Zin
The Shining One
Lugonu

Annotations:
D:6 1 transporter

#######
#<)...#
#...#.##
.#.#....##
....##...####
##....©.?gg#
#.▒▒▒▒▒▒▒g#
#?▒8.©.8▒@#
#.▒P./.P▒.#
#.▒▒▒+▒▒▒.#
#.▒≈...≈▒.#
#.▒≈...≈▒.#
#.▒≈;;P≈▒.#
▒≈≈♣≈≈▒.#
▒≈≈≈≈≈▒.#
▒≈≈P≈≈▒.#


You could see a gnoll sergeant, 2 electric eels and 2 gnolls.


Message History

Lugonu accepts your kill.
You howl as the wereblood boils in your veins!
You closely miss the gnoll. You grab the gnoll.
You pierce the gnoll.
The gnoll is moderately wounded.
You constrict the gnoll, but do no damage.
You bludgeon the gnoll!
You feel a bit better.
You kill the gnoll!
Lugonu accepts your kill.
The gnoll sergeant hits you from afar with a +0 trident!
* * * LOW HITPOINT WARNING * * *
The gnoll sergeant hits you with a +0 trident.
* * * LOW HITPOINT WARNING * * *
You see here a +0 club.
You tentacle-slap the gnoll sergeant. You grab the gnoll sergeant.
You squeeze the gnoll sergeant.
The gnoll sergeant is moderately wounded.
Your tentacle spike disappears.
Your primal bloodlust is almost over.
You constrict the gnoll sergeant, but do no damage.
You tentacle-slap the gnoll sergeant.
Your tentacle-slap misses the gnoll sergeant.
You squeeze the gnoll sergeant.
The gnoll sergeant is heavily wounded.
You constrict the gnoll sergeant, but do no damage.
The gnoll sergeant hits you with a +0 trident!
* * * LOW HITPOINT WARNING * * *
You bludgeon the gnoll sergeant!
The gnoll sergeant is almost dead.
You constrict the gnoll sergeant, but do no damage.
The gnoll sergeant hits you with a +0 trident!
You die...

Skill      XL: |  1  2  3  4  5  6  7  8 |
---------------+-------------------------+-----
Transmutations | 3 4 5 |  5.7
Spellcasting   | 3 4 5 |  5.3
Unarmed Combat | 4 5 6 |  6.1
Ice Magic      | 1 |  1.0
Poison Magic   | 1 |  1.0
Fighting       | |  1.0
Dodging        | |  2.0

Action                   |  1- 3 |  4- 6 |  7- 9 || total
-------------------------+-------+-------+-------++-------
Melee: Unarmed           |    77 |   110 |    90 ||   277
       Kick              |    14 |    25 |    23 ||    62
       Constrict         |    20 |    25 |    12 ||    57
       Tentacles         |    14 |    17 |    14 ||    45
       Punch             |       |     4 |     3 ||     7
 Cast: Beastly Appendage |    21 |    17 |     8 ||    46
       Wereblood         |    14 |    17 |     8 ||    39
Invok: Bend Space        |       |       |     1 ||     1
  Use: Potion            |       |     1 |     1 ||     2
       Scroll            |       |     8 |       ||     8
 Stab: Sleeping          |     9 |     3 |     1 ||    13
Armor: Skin              |     3 |     4 |    10 ||    17
Dodge: Dodged            |    33 |    58 |    66 ||   157

Levels and vault maps discovered:
D:1:      psy_arrival_fountain, layout_loops_corners
D:2:      layout_loops_corners, hellmonk_ecumenical_altar_pennies_from_heaven,
          serial_bayou, serial_bayou_shore_a, serial_bayou_pond_e,
          serial_bayou_crossing, serial_bayou_pond_c, hangedman_glass_teeth
D:3:      minmay_wonky_spiral, layout_basic, led_xom_imps
D:4:      cheibrodos_quashed, layout_loops_cross
D:5:      wad_pebble_path, layout_rooms, minmay_temple_entry_wispy
D:6:      gammafunk_steamed_eel, layout_basic
Temple:   dpeg_five_rooms_temple

Notes
Turn   | Place    | Note
-------+----------+-------------------------------------------
     0 | D:1      | AIAndy the Octopode Transmuter began the quest for the Orb.
     0 | D:1      | Reached XP level 1. HP: 13/13 MP: 3/3
   517 | D:1      | Reached XP level 2. HP: 13/18 MP: 3/5
   520 | D:1      | Learned a level 2 spell: Wereblood
  1310 | D:1      | Reached XP level 3. HP: 13/23 MP: 2/6
  1314 | D:1      | Learned a level 3 spell: Spider Form
  2118 | D:2      | Found a faded altar of an unknown god.
  2145 | D:2      | Became a worshipper of Lugonu the Unformed
  2145 | D:2      | Reached * piety under Lugonu
  2145 | D:2      | Reached ** piety under Lugonu
  2778 | D:3      | Reached XP level 4. HP: 28/28 MP: 3/8
  2799 | D:3      | HP: 2/28 [gnoll (13)]
  2802 | D:3      | Reached skill level 3 in Transmutations
  2887 | D:3      | Reached skill level 3 in Spellcasting
  2937 | D:3      | Found a shimmering altar of Xom.
  2946 | D:3      | Reached skill level 4 in Unarmed Combat
  2946 | D:3      | Reached XP level 5. HP: 20/33 MP: 5/9
  2958 | D:3      | Reached XP level 6. HP: 14/38 MP: 6/11
  2963 | D:3      | Learned a level 4 spell: Ice Form
  3343 | D:3      | Learned a level 2 spell: Passwall
  3371 | D:3      | Reached skill level 4 in Transmutations
  3787 | D:3      | Reached *** piety under Lugonu
  4507 | D:5      | Entered Level 5 of the Dungeon
  4507 | D:5      | Noticed a water moccasin
  4566 | D:5      | Reached skill level 4 in Spellcasting
  4566 | D:5      | Reached skill level 1 in Ice Magic
  4566 | D:5      | Reached skill level 1 in Poison Magic
  4592 | D:5      | Reached XP level 7. HP: 41/43 MP: 9/13
  4663 | D:5      | Reached skill level 5 in Unarmed Combat
  4788 | D:5      | Reached skill level 5 in Transmutations
  4803 | D:5      | Reached skill level 5 in Spellcasting
  4803 | D:5      | Reached XP level 8. HP: 21/48 MP: 12/15
  5132 | D:5      | Found a staircase to the Ecumenical Temple.
  5138 | Temple   | Entered the Ecumenical Temple
  5448 | D:5      | Reached skill level 6 in Unarmed Combat
  5565 | D:6      | Found a transporter.
  5588 | D:6      | Mangled by a gnoll sergeant

Vanquished Creatures
  2 water moccasins (D:5)
  A sky beast (D:5)
  A necrophage (D:5)
  A centaur (D:5)
  A phantom (D:5)
  A water moccasin skeleton (D:5)
  A bullfrog zombie (D:5)
  4 crimson imps (D:3)
  3 hounds (D:5)
  An iguana (D:4)
  An orc wizard (D:3)
  A hound skeleton (D:5)
  6 gnolls
  A howler monkey skeleton (D:5)
  4 adders
  3 worms
  A dart slug (D:3)
  10 orcs
  6 bats
  9 endoplasms
  3 giant cockroaches
  8 goblins
  3 hobgoblins
  6 jackals
  2 quokkas
  2 ball pythons
  3 frilled lizards
  5 kobolds
  2 rats
92 creatures vanquished.

Vanquished Creatures (others)
  7 plants (D:2)
7 creatures vanquished.

Grand Total: 99 creatures vanquished

Table legend: (Time is in decaauts)
 A = Elapsed time spent in this place.
 B = Non-inter-level travel time spent in this place.
 C = Inter-level travel time spent in this place.
 D = Time resting spent in this place.
 E = Time spent auto-exploring this place.
 F = Levels seen in this place.
 G = Mean time per level.
                   A        B        C        D        E       F      G
               +--------+--------+--------+--------+--------+-----+--------+
         Total |   5564 |   5367 |    197 |     83 |   4342 |   7 |  794.9 |
       Dungeon |   5274 |   5107 |    167 |     83 |   4094 |   6 |  879.0 |
        Temple |    289 |    259 |     30 |      0 |    248 |   1 |  289.0 |
               +--------+--------+--------+--------+--------+-----+--------+

Top non-repeatable levels by time:
     D:1: 1517 daAuts
     D:2: 1189 daAuts
     D:3: 1178 daAuts
     D:5: 736 daAuts
     D:4: 631 daAuts
  Temple: 289 daAuts
     D:6: 21 daAuts

Table legend:
 A = Non-vault XP
 B = Vault XP
 C = Vault XP percentage of total XP
 D = Non-vault monster count
 E = Vault monster count
 F = Vault count percentage of total count
                 A         B        C        D         E       F
            +---------+---------+-------+---------+---------+-------
      Total |    1411 |     202 |  12.5 |      84 |       8 |   8.7
            +---------+---------+-------+---------+---------+-------
        D:1 |      34 |       0 |   0.0 |      20 |       0 |   0.0
        D:2 |      27 |       0 |   0.0 |      14 |       0 |   0.0
        D:3 |     143 |     202 |  58.6 |      22 |       8 |  26.7
        D:4 |      74 |       0 |   0.0 |      11 |       0 |   0.0
        D:5 |    1092 |       0 |   0.0 |      14 |       0 |   0.0
        D:6 |      41 |       0 |   0.0 |       3 |       0 |   0.0
            +---------+---------+-------+---------+---------+-------
